 Dungeon Crawl Stone Soup version 0.26-a0-606-g3c8f2f65f7 (webtiles) character file.

Game seed: 5517794102450022879

144 Descartes the Grasshopper (level 5, -3/47 HPs)
             Began as a Palentonga Warper on Sept 2, 2020.
             Slain by a hound (5 damage)
             ... on level 3 of the Dungeon.
             The game lasted 00:14:01 (4395 turns).

Descartes the Grasshopper (Palentonga Warper)       Turns: 4395, Time: 00:14:01

Health: -3/47      AC:  4    Str: 14    XL:     5   Next: 5%
Magic:  8/8        EV:  9    Int: 14    God:
Gold:   157        SH:  5    Dex: 10    Spells: 7/9 levels left

rFire    . . .     SeeInvis +   B - +0 whip (pain)
rCold    . . .     Faith    .   (no shield)
rNeg     . . .     Spirit   .   b - +0 leather armour
rPois    .         Reflect  +   (no helmet)
rElec    .         Harm     .   (no cloak)
rCorr    .                      (no gloves)
MR       .....                  (no barding)
Stlth    +.........             l - amulet of reflection
HPRegen  0.15/turn              (no ring)
MPRegen  0.11/turn              (no ring)

@: no status effects
A: large, rugged brown scales 3, see invisible, deformed body, roll, armoured
tail
a: Rolling Charge


You were on level 3 of the Dungeon.
You visited 1 branch of the dungeon, and saw 4 of its levels.

You collected 157 gold pieces.

Inventory:

Hand Weapons
 a - a +0 falchion
 c - a +0 dagger of holy wrath
 B - a +0 whip of pain (weapon)
Missiles
 e - 5 boomerangs of dispersal (quivered)
 g - 39 poisoned darts
 h - 169 stones
 j - 21 arrows
 r - 69 sling bullets
 y - 3 javelins
Armour
 b - a +0 leather armour (worn)
 f - a +0 plate armour
Jewellery
 l - an amulet of reflection (around neck)
Wands
 u - a wand of iceblast (3)
Scrolls
 d - 2 scrolls of blinking
 i - 2 scrolls of enchant weapon {unknown}
 k - a scroll of amnesia {unknown}
 m - 2 scrolls of remove curse {unknown}
 n - 2 scrolls of identify
 q - a scroll of immolation {unknown}
 s - 2 scrolls of magic mapping {unknown}
 v - a scroll of fear {unknown}
Potions
 o - 3 potions of heal wounds
 p - a potion of invisibility
 t - 2 potions of ambrosia {unknown}
 w - a potion of brilliance {unknown}
 x - a potion of lignification {unknown}
 z - a potion of resistance {unknown}
 A - a potion of might {unknown}


   Skills:
 + Level 2.9 Fighting
 + Level 2.7 Long Blades
 - Level 0.6 Throwing
 + Level 1.7 Armour
 + Level 2.2 Dodging
 + Level 2.6 Spellcasting
 + Level 3.4 Translocations


You had 7 spell levels left.
You knew the following spells:

 Your Spells              Type           Power        Failure   Level
a - Blink                 Tloc           N/A          10%         2

Your spell library contained the following spells:

 Spells                   Type           Power        Failure   Level
 Gell's Gravitas          Tloc           ##........   21%         3
 Lesser Beckoning         Tloc           ##........   21%         3
 Teleport Other           Tloc           ##......     21%         3
 Passage of Golubria      Tloc           N/A          54%         4


Dungeon Overview and Level Annotations

Branches:
Dungeon (4/15)
 Temple: D:4-7

Altars:
Makhleb
Vehumet
The Shining One

Annotations:
D:4 Eustachio


Innate Abilities, Weirdness & Mutations

You are completely covered in rugged brown scales. (AC +3, +7% HP)
You have supernaturally acute eyesight. (SInv)
Armour fits poorly on your strangely shaped body.
You can roll at foes to attack.
You have a long armoured tail.


Message History

You climb upwards.
There is a stone staircase leading down here.
You are too injured to fight recklessly!
You closely miss the hound. You tail-slap the hound!
The hound is heavily wounded.
The hound bites you.
* * * LOW HITPOINT WARNING * * *
The hound closely misses you.
You miss the hound.
Your tail-slap misses the hound.
The hound is heavily wounded.
The hound bites you.
* * * LOW HITPOINT WARNING * * *
You closely miss the hound.
Your tail-slap misses the hound.
The hound is heavily wounded.
You block the hound's attack. The hound barely misses you.
Your leather armour prevents you from hitting the hound.
Your tail-slap misses the hound.
The hound is heavily wounded.
The hound closely misses you. The hound bites you.
You die...

#....# #....# #....#
#....# #....##
####### ## #.....#
#.....# .# ###.#.#
#.###.#
.#####.#.###.###.#
...............h@###
.#...#.#.....###...#
.#...#.####### #.#.#
##......# #.#.###
........# #.....#
.#......# #######
.#......# ##......#
##...####


You could see a hound.

Vanquished Creatures
  An orc priest (D:4)
  3 adders (D:2)
  3 dart slugs
  10 orcs
  8 bats
  13 goblins
  6 hobgoblins
  6 jackals
  5 kobolds
  2 quokkas (D:3)
  3 frilled lizards
  6 rats
66 creatures vanquished.

Notes
Turn   | Place    | Note
-------+----------+-------------------------------------------
     0 | D:1      | Descartes the Palentonga Warper began the quest for the
                  | Orb.
     0 | D:1      | Reached XP level 1. HP: 18/18 MP: 3/3
   267 | D:1      | Reached skill level 1 in Armour
   271 | D:1      | Reached XP level 2. HP: 25/25 MP: 5/5
   449 | D:1      | Learned a level 2 spell: Blink
   700 | D:1      | HP: 1/26 [goblin (2)]
  1059 | D:1      | Reached XP level 3. HP: 32/32 MP: 6/6
  1830 | D:2      | Found a radiant altar of Vehumet.
  2018 | D:2      | Found a burning altar of Makhleb.
  2072 | D:2      | Reached XP level 4. HP: 34/39 MP: 2/7
  2262 | D:2      | Found a glowing golden altar of the Shining One.
  2388 | D:3      | You fall into a shaft and drop 1 floor!
  4207 | D:4      | Reached XP level 5. HP: 33/47 MP: 4/8
  4323 | D:4      | Noticed Eustachio
  4393 | D:3      | HP: 2/47 [hound (6)]
  4395 | D:3      | Slain by a hound

Illustrated notes

Levels and vault maps discovered:
D:1:      psy_arrival_fountain, layout_basic, hangedman_decor_slide_cut,
          minmay_cut_off
D:2:      layout_rooms, lightli_temple_of_fire, nicolae_overflow_hidden_temple,
          lemuel_round_altar
D:3:      layout_basic
D:4:      layout_gridville, amethyst_overflow_temple_binary,
          yredelemnul_altar_generic, uniq_eustachio

Skill      XL: |  1  2  3 |
---------------+----------+-----
Armour         | 1 |  1.7
Dodging        | 2 |  2.2
Fighting       | |  2.9
Long Blades    | |  2.7
Throwing       | |  0.6
Spellcasting   | |  2.6
Translocations | |  3.4

Action                   |  1- 3 |  4- 6 || total
-------------------------+-------+-------++-------
Melee: Falchion          |   118 |    72 ||   190
       Dagger            |     4 |       ||     4
       Tailslap          |    15 |     9 ||    24
       Whip              |       |    22 ||    22
 Cast: Blink             |     6 |    20 ||    26
 Abil: Rolling Charge    |    33 |    45 ||    78
  Use: Scroll            |       |     2 ||     2
Armor: Leather armour    |    51 |    25 ||    76
Dodge: Dodged            |    51 |    47 ||    98
Block: Other             |    15 |    31 ||    46
       Reflection        |       |     2 ||     2
       Rpst.: Falchion   |    17 |    13 ||    30

Table legend: (Time is in decaauts)
 A = Elapsed time spent in this place.
 B = Non-inter-level travel time spent in this place.
 C = Inter-level travel time spent in this place.
 D = Time resting spent in this place.
 E = Time spent auto-exploring this place.
 F = Levels seen in this place.
 G = Mean time per level.
                   A        B        C        D        E       F      G
               +--------+--------+--------+--------+--------+-----+--------+
         Total |   4434 |   4285 |    149 |    184 |   3381 |   4 | 1108.5 |
       Dungeon |   4434 |   4285 |    149 |    184 |   3381 |   4 | 1108.5 |
               +--------+--------+--------+--------+--------+-----+--------+

Top non-repeatable levels by time:
     D:1: 1554 daAuts
     D:3: 1479 daAuts
     D:2: 1131 daAuts
     D:4: 269 daAuts
